 Dungeon Crawl Stone Soup version 0.19-a0-1213-g90c832c (webtiles) character file.

94 Lindan9 the Shield-Bearer (level 4, -2/35 HPs)
             Began as a Demonspawn Fighter on Aug 23, 2016.
             Was a Follower of Fedhas.
             Slain by a worm (4 damage)
             ... on level 2 of the Dungeon.
             The game lasted 00:09:19 (1359 turns).

Lindan9 the Shield-Bearer (Demonspawn Fighter)      Turns: 1359, Time: 00:09:22

Health: -2/35      AC:  8    Str: 17    XL:     4   Next: 38%
Magic:  4/4        EV:  7    Int:  9    God:    Fedhas [*.....]
Gold:   70         SH:  9    Dex: 13    Spells: 0 memorised, 3 levels left

rFire  . . .     SeeInvis .     a - +0 trident
rCold  + . .     Gourm    .     b - +0 scale mail
rNeg   . . .     Faith    .     c - +0 shield
rPois  .         Spirit   .     (helmet restricted)
rElec  .         Dismiss  .     (no cloak)
rCorr  .         Reflect  .     i - +0 pair of gloves
MR     .....     Harm     .     (no boots)
Stlth  ..........               (no amulet)
                                (no ring)
                                (no ring)

@: no status effects
A: horns 2, cold resistance 1
a: Evolution, Renounce Religion


You were on level 2 of the Dungeon.
You worshipped Fedhas.
Fedhas was aware of your devotion.
You were not hungry.

You visited 1 branch of the dungeon, and saw 2 of its levels.

You collected 70 gold pieces.

Inventory:

Hand Weapons
 a - a +0 trident (weapon)
Armour
 b - a +0 scale mail (worn)
 c - a +0 shield (worn)
 i - a +0 pair of gloves (worn)
Scrolls
 h - a scroll of remove curse
 l - a scroll of magic mapping {unknown}
 m - 2 scrolls of identify
Potions
 d - a potion of might
 e - a potion of berserk rage {unknown}
 g - 2 potions of curing {unknown}
 j - a potion of mutation {unknown}
 p - a potion of brilliance {unknown}
Books
 k - a book of Geomancy

   Spells                             Type                      Level
   a - Sandblast                      Earth                        1
   b - Passwall                       Transmutation/Earth          2
   c - Stone Arrow                    Conjuration/Earth            3
   d - Petrify                        Transmutation/Earth          4
   e - Lee's Rapid Deconstruction     Earth                        5
Comestibles
 f - 4 bread rations
 n - 2 fruits
 o - a slice of pizza


   Skills:
 + Level 3.3 Fighting
 + Level 2.1 Polearms
 + Level 3.3 Armour
 + Level 1.2 Dodging
 + Level 0.2 Stealth
 + Level 3.5 Shields


You had 3 spell levels left.
You didn't know any spells.

Dungeon Overview and Level Annotations

Branches:
Dungeon (2/15)

Altars:
Fedhas
Trog
Xom


Innate Abilities, Weirdness & Mutations

You have a pair of horns on your head.
Your flesh is cold resistant. (rC+)


Message History

The rat bites you but does no damage. You block the rat's attack.
The rat barely misses you. The worm bites you.
The rat bites you but does no damage.
You barely miss the worm. You headbutt the worm.
The worm is moderately wounded.
You block the rat's attack. The rat bites you but does no damage.
The worm bites you. The rat bites you. You block the rat's attack.
You puncture the worm! You headbutt the worm.
The worm is heavily wounded.
The rat bites you but does no damage. x2; The worm bites you!
* * * LOW HITPOINT WARNING * * *
The rat bites you but does no damage. You block the rat's attack.
You are too injured to fight recklessly!
Your shield prevents you from hitting the worm.
The worm is heavily wounded.
The rat bites you.
* * * LOW HITPOINT WARNING * * *
The rat closely misses you. The worm bites you.
You die...
Fedhas appreciates your contribution to the ecosystem.

..#..##.####........#
.....##.####..#####.####
###.#...................
###.....#.#...##....###
....#.........###.###
##.##........####.####
##.#.....#.##.......##
#...#..###.........##
##......#...w@r.....# ###
#..#..##...r###....###
..###......#...##y##...#.#
.......#...#....###....#.#
..####.##.###.........##.#
### #.##.###...._...)##.#
#......##....)..###.#
####.######)).### #.# #
#.# ####### #.#


You could see a moth of wrath, a worm (berserk) and 2 rats.

Vanquished Creatures
  An adder (D:2)
  3 gnolls (D:2)
  A worm (D:2)
  3 dart slugs
  3 bats (D:1)
  2 giant cockroaches
  6 goblins
  4 hobgoblins
  10 jackals (D:1)
  4 kobolds
  A quokka (D:2)
  A giant newt (D:1)
  5 rats
44 creatures vanquished.

Vanquished Creatures (others)
  7 toadstools (D:2)
7 creatures vanquished.

Grand Total: 51 creatures vanquished

Notes
Turn   | Place    | Note
-------+----------+-------------------------------------------
     0 | D:1      | Lindan9 the Demonspawn Fighter began the quest for the Orb.
     0 | D:1      | Reached XP level 1. HP: 18/18 MP: 1/1
   110 | D:1      | Gained mutation: Your flesh is cold resistant. (rC+) [demonic ancestry]
   110 | D:1      | Reached XP level 2. HP: 23/24 MP: 2/2
   477 | D:1      | Gained mutation: You have a pair of small horns on your head. [demonic ancestry]
   477 | D:1      | Reached XP level 3. HP: 24/29 MP: 3/3
   889 | D:2      | Found a faded altar of an unknown god.
   901 | D:2      | Became a worshipper of Fedhas Madash
   901 | D:2      | Reached * piety under Fedhas
  1098 | D:2      | Reached skill level 1 in Dodging
  1098 | D:2      | Gained mutation: You have a pair of horns on your head. [demonic ancestry]
  1098 | D:2      | Reached XP level 4. HP: 29/35 MP: 4/4
  1159 | D:2      | Found a shimmering altar of Xom.
  1343 | D:2      | Noticed a moth of wrath
  1346 | D:2      | Found a bloodstained altar of Trog.
  1359 | D:2      | Slain by a worm

Vault maps used:
D:1:      dpeg_arrival_leaves_temple_mockup
D:2:      xom_teletrap_fun, tgw_trog, ecumenical_altar_1

Skill      XL: |  1  2  3 |
---------------+----------+-----
Shields        | 3 |  3.5
Armour         | 3 |  3.3
Polearms       | 2 |  2.1
Dodging        | 1 |  1.2
Fighting       | |  3.3
Stealth        | |  0.2

Action                   |  1- 3 |  4- 6 || total
-------------------------+-------+-------++-------
Melee: Trident           |   135 |    43 ||   178
       Headbutt          |     6 |     6 ||    12
  Use: Scroll            |     2 |       ||     2
       Potion            |     1 |       ||     1
  Eat: Bread ration      |     1 |       ||     1
Armor: Scale mail        |    60 |    24 ||    84
Dodge: Dodged            |    37 |    10 ||    47
Block: Shield            |    51 |    24 ||    75
